 Dungeon Crawl Stone Soup version 0.31-a0-232-gb1c03b2570 (webtiles) character file.

Game seed: 11385876141269102128

215 Pooter the Chopper (level 5, -6/70 HPs)
             Began as a Minotaur Berserker on July 7, 2023.
             Was a Follower of Trog.
             Mangled by a black bear (8 damage)
             ... on level 4 of the Dungeon.
             The game lasted 00:06:43 (1588 turns).

Pooter the Chopper (Minotaur Berserker)             Turns: 1588, Time: 00:06:43

Health: -6/70      AC:  3    Str: 24    XL:     5   Next: 60%
Magic:  4/4        EV: 12    Int:  4    God:    Trog [*.....]
Gold:   74         SH:  0    Dex:  9    Spells: 4/4 levels left

rFire   . . .        a - +0 trident
rCold   . . .        (no shield)
rNeg    . . .        c - +0 animal skin
rPois   .            (helmet restricted)
rElec   .            (no cloak)
rCorr   .            (no gloves)
SInv    .            f - +0 pair of boots
Will    .....        (no amulet) Stlth
                     (no ring)
HPRegen 0.31/turn    (no ring)
MPRegen 0.09/turn

%: no passive effects
@: berserking, very quick
A: horns 2, retaliatory headbutt
a: Renounce Religion, Berserk


You were on level 4 of the Dungeon.
You worshipped Trog.
Trog was aware of your devotion.
You visited 1 branch of the dungeon, and saw 3 of its levels.

You collected 74 gold pieces.

Inventory:

Hand Weapons
 a - a +0 trident (weapon)
   (You found it on level 4 of the Dungeon)
 b - a +0 shortbow
   (You found it on level 1 of the Dungeon)
 j - a +0 hand axe
Missiles
 g - 13 poisoned darts (quivered)
 Q - 12 stones
Armour
 c - a +0 animal skin (worn)
 f - a +0 pair of boots (worn)
   (You found it on level 4 of the Dungeon)
Scrolls
 e - a scroll of summoning {unknown}
 h - a scroll of fear
 i - a scroll of enchant weapon {unknown}
 t - a scroll of teleportation {@r4}
Potions
 d - a potion of heal wounds {unknown}


   Skills:
 + Level 4.7 Fighting
 * Level 5.6 Axes
 * Level 3.5 Ranged Weapons
 - Level 2.4 Armour
 - Level 2.1 Dodging


You had 4 spell levels left.
You didn't know any spells.
Your spell library was empty.

Dungeon Overview and Level Annotations

Branches:
Dungeon (2/15) Zot: 16356

Altars:


Innate Abilities, Weirdness & Mutations

You have a pair of horns on your head.
You reflexively headbutt those who attack you in melee.


Message History

You feel yourself speed up.
You start waiting.
You recover from your berserk rage.
b - a +0 shortbow (weapon)
You start putting on your armour.
You continue putting on your +0 pair of boots. x4
You finish putting on your +0 pair of boots.
Found a dagger.
Found a stone staircase leading up.
There is a stone staircase leading up here.
Found a scroll labelled BEWIUFACLA.
i - a scroll labelled BEWIUFACLA A black bear comes into view.
Found 6 gold pieces.
The black bear growls angrily.
Unknown command.
You start waiting.
A black bear is nearby!
You shoot an arrow.
The arrow hits the black bear but does no damage.
You shoot an arrow. The arrow hits the black bear.
a - a +0 trident (weapon)
You barely miss the black bear. Your headbutt misses the black bear.
The black bear bites you. The black bear completely misses you.
The black bear claws you.
You hit the black bear. You headbutt the black bear!
The black bear goes berserk!
You hit the black bear. Your headbutt misses the black bear.
The black bear bites you. The black bear claws you. x2
* * * LOW HITPOINT WARNING * * *
The black bear bites you!
* * * LOW HITPOINT WARNING * * *
The black bear claws you but does no damage.
The black bear barely misses you.
A red film seems to cover your vision as you go berserk!
You feel yourself moving faster!
You feel mighty!
You can no longer call upon Trog for regeneration and willpower.
The black bear bites you but does no damage.
The black bear claws you.
* * * LOW HITPOINT WARNING * * *
The black bear claws you.
* * * LOW HITPOINT WARNING * * *
The black bear bites you.
* * * LOW HITPOINT WARNING * * *
The black bear claws you but does no damage.
The black bear claws you.
* * * LOW HITPOINT WARNING * * *
You barely miss the black bear. Your headbutt misses the black bear.
The black bear bites you!
You die...

. #
#..######.#.#.#
#........###..#
#.#######.#.###
# #.# ##.## #.
#.## #.#
#.#..####..##
#.#
#..........#
#.#
#.#.###.##..#
#.# #@##..# #.#
#h##..# #.#
#.##..# #.#
#.##..#
.h.$........#
#######.##..#
#.##..... ..#
### ###


You could see a black bear (berserk).

Vanquished Creatures
  A black bear (D:4)
  2 hounds (D:4)
  An iguana (D:4)
  An adder (D:4)
  A worm (D:4)
  3 endoplasms (D:1)
  6 goblins (D:1)
  3 jackals (D:1)
  2 kobolds (D:1)
  2 quokkas (D:1)
  5 ball pythons (D:1)
  2 bats (D:1)
  3 frilled lizards (D:1)
  4 rats (D:1)
36 creatures vanquished.

Notes
Turn   | Place    | Note
-------+----------+-------------------------------------------
     0 | D:1      | Pooter the Minotaur Berserker began the quest for the Orb.
     0 | D:1      | Reached XP level 1. HP: 19/19 MP: 0/0
   201 | D:1      | Reached skill level 4 in Axes
   219 | D:1      | Reached XP level 2. HP: 27/27 MP: 1/1
   288 | D:1      | Reached skill level 1 in Ranged Weapons
   393 | D:1      | Reached ** piety under Trog
   689 | D:1      | Reached XP level 3. HP: 28/33 MP: 2/2
   790 | D:1      | Found a faded altar of an unknown god.
  1201 | D:2      | You fall into a shaft and drop 2 floors!
  1271 | D:4      | Reached XP level 4. HP: 18/40 MP: 3/3
  1380 | D:4      | Noticed a black bear
  1384 | D:4      | Killed a black bear
  1385 | D:4      | Reached skill level 5 in Axes
  1385 | D:4      | Reached XP level 5. HP: 47/47 MP: 4/4
  1575 | D:4      | Noticed a black bear
  1587 | D:4      | HP: 3/70 [black bear (5)]
  1588 | D:4      | Mangled by a black bear

Illustrated notes

Levels and vault maps discovered:
D:1:      eino_arrival_cavern_b, layout_basic,
          ebering_ecumenical_altar_abandoned
D:2:      layout_basic, uniq_robin, uniq_natasha
D:4:      layout_loops_ring, mainiacjoe_overflow_small_starburst,
          mainiacjoe_overflow_alcove_1, uniq_crazy_yiuf_cottage, uniq_sigmund

Skill      XL: |  1  2  3  4 |
---------------+-------------+-----
Axes           | 4 5 |  5.6
Ranged Weapons | 1 2 3 |  3.5
Fighting       | 4 |  4.7
Armour         | |  2.4
Dodging        | |  2.1

Action                     |  1- 3 |  4- 6 || total
---------------------------+-------+-------++-------
  Melee: Hand axe          |    25 |       ||    25
         Headbutt          |     5 |     3 ||     8
         Trident           |     8 |    17 ||    25
   Fire: Shortbow          |    51 |     4 ||    55
  Throw: Dart              |     2 |       ||     2
 Invoke: Berserk           |     2 |     3 ||     5
         Trog's Hand       |       |     1 ||     1
    Use: Scroll            |     2 |       ||     2
 Armour: Animal skin       |     9 |     4 ||    13
  Dodge: Dodged            |    23 |     8 ||    31

Table legend: (Time is in decaauts)
 A = Elapsed time spent in this place.
 B = Non-inter-level travel time spent in this place.
 C = Inter-level travel time spent in this place.
 D = Time resting spent in this place.
 E = Time spent auto-exploring this place.
 F = Levels seen in this place.
 G = Mean time per level.
                   A        B        C        D        E       F      G
               +--------+--------+--------+--------+--------+-----+--------+
         Total |   1642 |   1625 |     17 |    406 |    863 |   3 |  547.3 |
       Dungeon |   1642 |   1625 |     17 |    406 |    863 |   3 |  547.3 |
               +--------+--------+--------+--------+--------+-----+--------+

Top non-repeatable levels by time:
     D:1: 1206 daAuts
     D:4: 426 daAuts
     D:2: 9 daAuts
